Map: Triton LE

Players

Serral - Winner!

  • Race: Zerg Zerg
  • League: Master
  • Spawn Location: 11:00

Vanya

  • Race: Zerg Zerg
  • League: Master
  • Spawn Location: 5:00

VOD

Have the link to the VOD?

Description

Time

  • Played on: Jan. 14, 2020, 12:15 p.m.
  • Length: 13:25
Show
View Real Time Build Order
Export as new Build Order

Serral Zerg - Winner!

Build Orders: Hatch First, Lurkers, Roach Hydra 

Get SALT Encoding   

  12  0:00  Drone  
  13  0:12  Overlord  
  13  0:17  Drone  
  14  0:31  Drone x2  
  16  0:48  Hatchery  
  15  0:51  Drone  
  15  0:55  Drone  
  17  0:57  Drone  
  18  1:09  Extractor  
  17  1:13  Spawning Pool  
  17  1:16  Drone  
  17  1:20  Drone  
  18  1:28  Drone  
  19  1:39  Drone  
  20  1:50  Drone  
  21  1:59  Overlord  
  21  2:00  Zergling x2, Queen x2  
  26  2:11  Drone x2  
  28  2:22  Drone x2  
  30  2:32  Hatchery  
  29  2:41  Evolution Chamber  
  29  2:42  Drone x2  
  30  2:51  Overlord  
  29  2:54  Drone x2  
  29  2:55  Drone  
  32  3:05  Drone x2  
  34  3:08  Drone, Zerg Missile Weapons Level 1  
  34  3:09  Zergling x2  
  34  3:10  Drone  
  34  3:11  Drone x2  
  34  3:12  Drone  
  40  3:17  Overlord  
  40  3:19  Drone  
  41  3:24  Queen  
  43  3:30  Roach Warren  
  43  3:33  Drone  
  43  3:34  Extractor  
  43  3:35  Extractor, Drone  
  43  3:39  Drone x2  
  43  3:40  Drone  
  45  3:42  Drone  
  45  3:44  Drone  
  45  3:46  Drone  
  48  3:49  Overlord  
  48  3:57  Drone x2  
  48  3:58  Overlord  
  48  4:02  Overlord  
  50  4:08  Lair  
  49  4:11  Roach x2  
  49  4:13  Roach  
  55  4:18  Drone x2  
  55  4:21  Drone  
  55  4:22  Overlord  
  58  4:26  Roach x2  
  62  4:31  Roach x2  
  62  4:37  Roach  
  68  4:41  Drone x3  
  68  4:42  Drone x2  
  68  4:45  Roach x2  
  77  4:49  Overlord  
  77  4:54  Queen  
  77  4:56  Queen  
  81  5:05  Overseer  
  81  5:07  Zerg Missile Weapons Level 2, Pneumatized Carapace  
  81  5:08  Glial Reconstitution  
  81  5:20  Spore Crawler  
  81  5:21  Spore Crawler x2  
  78  5:23  Drone x8  
  78  5:28  Overseer  
  86  5:29  Overlord  
  86  5:31  Overlord  
  86  5:37  Overseer  
  86  5:45  Hydralisk Den  
  86  5:47  Queen x2  
  86  5:48  Overlord  
  86  5:49  Spore Crawler  
  88  5:52  Drone x2  
  90  6:01  Overlord  
  90  6:02  Evolution Chamber  
  90  6:04  Drone  
  90  6:06  Overlord x2  
  90  6:07  Drone x2  
  90  6:08  Drone  
  93  6:12  Drone x5  
  93  6:15  Extractor  
  93  6:16  Lurker Den  
  93  6:17  Spore Crawler  
  95  6:20  Spore Crawler  
  95  6:21  Extractor, Grooved Spines  
  95  6:22  Roach x2  
  97  6:27  Overlord  
  97  6:30  Zerg Ground Armor Level 1  
  97  6:31  Overlord  
  97  6:32  Drone  
  98  6:33  Drone  
  98  6:34  Drone  
  98  6:38  Hydralisk  
  98  6:39  Hydralisk  
  104  6:43  Hydralisk  
  104  6:44  Hydralisk  
  104  6:45  Extractor  
  107  6:47  Overlord  
  107  6:50  Overlord  
  107  6:51  Hydralisk  
  109  6:54  Hydralisk  
  111  7:06  Hydralisk x3  
  111  7:08  Hydralisk  
  117  7:17  Drone x3  
  117  7:22  Lurker  
  121  7:24  Drone  
  121  7:25  Infestation Pit  
  121  7:27  Spore Crawler, Overlord  
  120  7:30  Lurker  
  120  7:34  Drone x3  
  120  7:35  Spore Crawler  
  120  7:36  Lurker  
  124  7:37  Spore Crawler  
  124  7:40  Spore Crawler, Hydralisk x2  
  124  7:43  Hydralisk  
  126  7:48  Hydralisk  
  126  7:49  Hydralisk  
  122  7:53  Drone x2  
  122  7:58  Lurker  
  125  8:02  Spore Crawler  
  125  8:06  Hive  
  125  8:11  Overlord x2  
  125  8:19  Muscular Augments  
  125  8:20  Drone  
  125  8:21  Drone  
  125  8:22  Spore Crawler  
  125  8:23  Spore Crawler  
  125  8:27  Drone x3  
  125  8:28  Drone x3  
  131  8:34  Overseer  
  131  8:36  Spore Crawler  
  131  8:37  Spore Crawler  
  131  8:39  Spore Crawler, Drone  
  129  8:41  Spore Crawler  
  129  8:43  Lurker x4  
  129  8:45  Lurker  
  133  8:55  Extractor  
  133  8:56  Hydralisk x3  
  134  9:11  Spore Crawler, Drone x4  
  134  9:14  Extractor  
  134  9:15  Spore Crawler  
  133  9:17  Spore Crawler, Drone x2  
  133  9:19  Viper  
  133  9:20  Spore Crawler  
  133  9:21  Extractor  
  133  9:22  Drone  
  133  9:23  Drone  
  137  9:28  Spore Crawler  
  137  9:30  Spore Crawler, Hydralisk x4  
  143  9:34  Hatchery  
  143  9:37  Overlord x6  
  142  9:42  Overlord  
  142  9:47  Viper  
  145  10:00  Overlord  
  145  10:11  Viper  
  148  10:16  Seismic Spines  
  148  10:19  Drone x8  
  156  10:25  Spine Crawler  
  150  10:30  Viper  
  150  10:35  Drone x2  
  155  10:37  Extractor  
  155  10:41  Extractor  
  151  10:54  Overseer  
  149  11:00  Overseer  
  149  11:01  Overseer  
  149  11:02  Roach x13  
  171  11:07  Overseer  
  168  11:13  Adaptive Talons  
  168  11:23  Hatchery  
  167  11:26  Extractor  
  167  11:29  Spore Crawler x2  
  167  11:30  Spore Crawler x2, Drone x6  
  168  11:36  Lurker x2  
  168  11:37  Hydralisk x6  
  182  11:57  Drone  
  182  11:58  Drone  
  184  12:03  Viper x2  
  190  12:11  Hatchery  
  190  12:15  Drone x2, Overlord  
  190  12:20  Overseer  
  190  12:24  Overseer  
  184  12:53  Roach x8  
Show
View Real Time Build Order
Export as new Build Order

Vanya Zerg 

Build Orders: Hatch First, Lurkers 

Get SALT Encoding   

  12  0:00  Drone  
  13  0:12  Overlord  
  13  0:16  Drone  
  14  0:30  Drone  
  14  0:31  Drone  
  16  0:47  Hatchery  
  15  0:50  Drone  
  15  0:54  Drone  
  17  0:57  Drone  
  18  1:07  Extractor  
  17  1:13  Spawning Pool  
  17  1:15  Drone  
  17  1:19  Drone  
  18  1:28  Drone  
  19  1:39  Drone  
  20  1:49  Drone  
  21  2:00  Queen x2  
  25  2:01  Overlord  
  25  2:02  Drone  
  26  2:10  Drone  
  26  2:11  Drone  
  28  2:21  Drone  
  28  2:22  Drone  
  30  2:32  Overlord  
  30  2:33  Drone  
  30  2:36  Queen  
  33  2:39  Lair  
  33  2:43  Drone  
  34  2:45  Extractor, Drone  
  34  2:54  Drone x2  
  36  2:59  Evolution Chamber  
  36  3:03  Drone  
  36  3:07  Drone x3  
  36  3:08  Roach Warren  
  36  3:12  Overlord  
  38  3:13  Extractor  
  38  3:16  Drone x2  
  38  3:18  Drone  
  38  3:19  Drone  
  41  3:24  Drone  
  42  3:29  Drone  
  42  3:32  Extractor  
  42  3:36  Drone  
  42  3:39  Spire  
  42  3:41  Drone  
  42  3:48  Overlord  
  43  3:49  Drone  
  43  3:54  Drone, Overlord  
  45  3:57  Drone  
  45  4:00  Metabolic Boost  
  46  4:03  Zerg Melee Weapons Level 1  
  46  4:05  Overlord  
  46  4:08  Drone x2  
  48  4:10  Drone  
  48  4:13  Drone  
  48  4:16  Drone  
  51  4:31  Overlord  
  51  4:35  Hatchery  
  50  4:51  Mutalisk x6  
  62  4:54  Zergling x10  
  62  4:55  Zergling x2  
  68  5:00  Zerg Flyer Weapons Level 1  
  68  5:04  Overlord  
  68  5:06  Mutalisk  
  70  5:12  Zergling x2  
  71  5:16  Mutalisk  
  71  5:18  Overlord  
  73  5:21  Drone x3  
  73  5:26  Mutalisk  
  78  5:29  Drone  
  78  5:35  Mutalisk  
  79  5:42  Extractor x2  
  79  5:43  Zergling x10  
  83  5:53  Overlord  
  83  5:58  Drone x3  
  83  6:01  Mutalisk x3  
  92  6:20  Mutalisk x2  
  92  6:21  Overlord  
  92  6:22  Zergling x8  
  100  6:29  Overseer  
  100  6:35  Mutalisk x2  
  100  6:37  Overlord  
  100  6:38  Drone  
  105  6:40  Drone  
  105  6:41  Drone x2  
  105  6:43  Mutalisk  
  105  6:45  Hatchery  
  109  6:53  Overlord  
  109  6:54  Mutalisk x2  
  105  7:10  Zergling x18  
  105  7:12  Mutalisk  
  114  7:18  Mutalisk x2  
  118  7:27  Mutalisk  
  118  7:28  Mutalisk  
  122  7:30  Mutalisk, Overlord  
  124  7:43  Overlord  
  119  7:46  Mutalisk  
  105  7:51  Mutalisk x2  
  105  7:55  Drone x4  
  111  7:59  Mutalisk  
  111  8:05  Mutalisk x2  
  111  8:12  Extractor x2  
  113  8:18  Drone x5  
  118  8:20  Drone  
  118  8:23  Overlord  
  118  8:24  Drone  
  118  8:26  Hydralisk Den  
  119  8:27  Zerg Missile Weapons Level 1  
  119  8:28  Hatchery, Drone  
  119  8:38  Drone  
  119  8:39  Drone x5  
  119  8:40  Drone  
  126  8:47  Overlord  
  119  9:15  Grooved Spines, Hydralisk x4  
  125  9:17  Lurker Den  
  125  9:23  Drone x2  
  126  9:26  Overlord  
  126  9:28  Hydralisk x7  
  126  9:31  Overlord  
  140  9:39  Overlord  
  134  9:46  Hydralisk x5  
  134  9:48  Overlord  
  140  10:15  Lurker x12  
  140  10:20  Drone x3  
  155  10:21  Overlord  
  155  10:23  Overlord  
  155  10:26  Muscular Augments  
  153  10:29  Lurker  
  153  10:30  Lurker x2  
  153  10:32  Overseer  
  153  10:33  Drone x2  
  153  10:34  Drone  
  159  10:40  Extractor  
  150  10:45  Hydralisk x6  
  162  10:51  Overlord  
  162  10:53  Hatchery  
  162  10:54  Pneumatized Carapace  
  160  11:07  Zerg Missile Weapons Level 2  
  160  11:09  Infestation Pit  
  159  11:12  Hydralisk x4  
  155  11:20  Hydralisk  
  155  11:21  Hydralisk x3  
  154  11:27  Extractor  
  154  11:31  Hydralisk x4  
  154  11:32  Hydralisk  
  163  11:43  Overlord  
  163  11:47  Hive  
  163  11:58  Lurker x5  
  163  12:00  Overlord  
  165  12:05  Zergling x34  
  182  12:14  Lurker x4  
  186  12:15  Overseer  
  186  12:19  Drone  
  186  12:20  Spine Crawler, Drone  
  186  12:22  Spore Crawler, Spine Crawler x2  
  185  12:23  Spine Crawler, Drone x2  
  185  12:24  Spore Crawler, Spine Crawler, Drone  
  185  12:27  Lurker  
  185  12:28  Lurker x2  
  187  12:34  Overseer  
  187  12:35  Overseer  
  187  12:39  Hydralisk x4  
  191  12:49  Hydralisk x3  
  165  13:00  Overseer  
  165  13:01  Hydralisk x4  
Tags
 
Add a new tag
Caveats
  • Supply blocks, unpowered buildings, or Contaminate may cause inaccurate times.
  • Supply counts are checked every 10 seconds.